 Dungeon Crawl Stone Soup version 0.29-a0-334-gb41bcbb86e (webtiles) character file.

Game seed: 7229964346758612574

59 brightshaft the Magician (level 4, -5/35 HPs)
             Began as a Djinni Cinder Acolyte on Apr 13, 2022.
             Was a High Priest of Ignis.
             Slain by Terence
             ... wielding a +2 mace of draining
              (12 damage)
             ... on level 2 of the Dungeon.
             The game lasted 00:04:59 (2287 turns).

brightshaft the Magician (Djinni Cinder Acolyte)    Turns: 2287, Time: 00:05:00

Health: -5/35      AC:  2    Str: 13    XL:     4   Next: 22%
Gold:   81         EV: 11    Int: 18    God:    Ignis [*****.] SH:  0 Dex:  8

rFire   + + +      SeeInvis .   a - -1 falchion (flame)
rCold   x . .      Faith    .   (no shield)
rNeg    . . .      Spirit   .   b - +0 robe
rPois   ∞          Reflect  .   (no helmet)
rElec   .          Harm     .   (no cloak)
rCorr   .          Rampage  .   (no gloves)
Will    .....                   (boots unavailable)
Stlth   +.........              (no amulet)
HPRegen 0.11/turn               (no ring)
MPRegen 0.00/turn               (no ring)

@: flying
A: sickness immunity, fire resistance 2, cold vulnerability 1, float, innate
caster, HP casting, extra vitality 1
a: Renounce Religion, Fiery Armour, Foxfire Swarm, Rising Flame


You were on level 2 of the Dungeon.
You worshipped Ignis.
Ignis was extremely pleased with you.
You visited 1 branch of the dungeon, and saw 2 of its levels.

You collected 81 gold pieces.

Inventory:

Hand Weapons
 a - a -1 falchion of flaming (weapon)
Missiles
 i - 34 stones
Armour
 b - a +0 robe (worn)
Scrolls
 e - a scroll of summoning {unknown}
 g - a scroll of immolation {unknown}
Potions
 c - a potion of brilliance {unknown}
 d - 2 potions of curing {unknown}
 f - a potion of might {unknown}
 h - a potion of haste {unknown}


   Skills:
 - Level 3.0 Fighting
 - Level 2.6 Long Blades
 * Level 3.7 Spellcasting


You had 7 spell levels left.
You knew the following spells:

 Your Spells              Type           Power      Damage    Failure   Level
a - Scorch                Fire           32%        2d6       4%          2
b - Sandblast             Erth           32%        2d9       3%          1
Your spell library was empty.

Dungeon Overview and Level Annotations

Branches:
Dungeon (2/15)

Altars:

Annotations:
D:2 Terence


Innate Abilities, Weirdness & Mutations

You are immune to sickness and miasma.
You are immune to poison.
Your flesh is very heat resistant. (rF++)
You are vulnerable to cold. (rC-)
You float through the air rather than walking.
You learn spells naturally, not from books.
Your magical power is your life essence.
You have superior vitality. (+4 MHP)


Message History

The jackal closely misses you.
The jackal bites you but does no damage.
Aiming: Sandblast (safe; 3% risk of failure)
Press: ? - help, Q - select action, (/) - cycle Shift-Dir - straight line, f - jackal
Aim: a jackal (74% to hit)
The blast of sand hits the jackal.
You kill the jackal!
Terence is nearby!
Terence shouts!
A frilled lizard comes into view.
You see here a ball python corpse.
Aiming: Sandblast (safe; 3% risk of failure)
Press: ? - help, Q - select action, (/) - cycle Shift-Dir - straight line, f - Terence
Aim: Terence, wielding a +2 mace of draining and wearing a +0 plate armour (87% to hit)
The blast of sand hits Terence but does no damage.
Aiming: Sandblast (safe; 3% risk of failure)
Press: ? - help, Q - select action, (/) - cycle Shift-Dir - straight line, f/p - Terence
Aim: Terence, wielding a +2 mace of draining and wearing a +0 plate armour (87% to hit)
The blast of sand hits Terence but does no damage.
Terence attacks as you move away! Terence barely misses you.
Things that are here:
a jackal corpse; a jackal corpse
Casting: Sandblast (safe; 3% risk of failure)
Confirm with . or Enter, or press ? or * to list all spells.
Flames lash Terence but do no damage.
Terence misses you.
Casting: Scorch (safe; 4% risk of failure)
Confirm with . or Enter, or press ? or * to list all spells.
Flames lash Terence but do no damage.
Terence barely misses you.
Casting: Scorch (safe; 4% risk of failure)
Confirm with . or Enter, or press ? or * to list all spells.
Flames lash the frilled lizard.
You kill the frilled lizard!
Terence closely misses you. Terence attacks as you move away!
Terence hits you with a +2 mace of draining!
* * * LOW HITPOINT WARNING * * *
Found a scroll labelled VYSONA VAQ.
Terence attacks as you move away!
Terence hits you with a +2 mace of draining!
You die...

.<.###..<####.#####.#
....................#
...#...#.#...#......#
....#.#...#†#.......#
.#...#.....#.†.#....#
..#..#.....#..#.....#
...###.....###†..#..#
#..#..#...#. #.@#...#
.###...#.# ###@...#
#...#...# #..?#.?.#
.....#.. #.... #..#
......# #..... .##
.....#. ..#.... #
#...#... ...#...
.###...# #...### #..#
.#. .#.. ...# .


You could see Terence.

Vanquished Creatures
  An adder (D:2)
  A dart slug (D:1)
  5 ball pythons
  4 endoplasms (D:1)
  3 giant cockroaches
  4 goblins
  3 hobgoblins (D:1)
  6 jackals (D:2)
  A kobold (D:1)
  A quokka (D:1)
  5 bats
  6 frilled lizards
  4 rats
44 creatures vanquished.

Notes
Turn   | Place    | Note
-------+----------+-------------------------------------------
     0 | D:1      | brightshaft the Djinni Cinder Acolyte began the quest for
                  | the Orb.
     0 | D:1      | Reached XP level 1. HP: 20/20 MP: 0/0
   130 | D:1      | Reached XP level 2. HP: 9/25 MP: 0/0
   642 | D:1      | Reached XP level 3. HP: 6/30 MP: 0/0
   642 | D:1      | Learned a level 1 spell: Sandblast
  1982 | D:2      | Reached XP level 4. HP: 19/35 MP: 0/0
  2015 | D:2      | Noticed Terence
  2287 | D:2      | Slain by Terence

Illustrated notes

Levels and vault maps discovered:
D:1:      dpeg_arrival_leaves_temple_mockup, layout_loops_cross
D:2:      layout_rooms, basic_altar, minmay_splitting_lines, uniq_terence

Skill      XL: |  1  2 |
---------------+-------+-----
Spellcasting   | 3 |  3.7
Fighting       | |  3.0
Long Blades    | |  2.6

Action                   |  1- 3 |  4- 6 || total
-------------------------+-------+-------++-------
Melee: Falchion          |   104 |     3 ||   107
       Punch             |     1 |       ||     1
 Cast: Scorch            |    18 |     3 ||    21
       Sandblast         |       |    13 ||    13
 Stab: Sleeping          |     1 |       ||     1
Armor: Robe              |    21 |     5 ||    26
Dodge: Dodged            |    87 |    19 ||   106

Table legend: (Time is in decaauts)
 A = Elapsed time spent in this place.
 B = Non-inter-level travel time spent in this place.
 C = Inter-level travel time spent in this place.
 D = Time resting spent in this place.
 E = Time spent auto-exploring this place.
 F = Levels seen in this place.
 G = Mean time per level.
                   A        B        C        D        E       F      G
               +--------+--------+--------+--------+--------+-----+--------+
         Total |   2305 |   2222 |     83 |      0 |   1921 |   2 | 1152.5 |
       Dungeon |   2305 |   2222 |     83 |      0 |   1921 |   2 | 1152.5 |
               +--------+--------+--------+--------+--------+-----+--------+

Top non-repeatable levels by time:
     D:1: 1898 daAuts
     D:2: 407 daAuts
